3AAA
HOUSTON BC @ VERMONT LAKE MONSTERS
09/02/2022
 
TOP OF THE 1ST
Houston BC batting - Pitching for Vermont Lake Monsters : RHP Tyler MacHugh
Pitching: RHP Tyler MacHugh
Batting: RHB José Muńóz 0-0: Called Strike
0-1: Ball
1-1: Ball
2-1: Swinging Strike
2-2: Foul Ball, location: 2F
2-2: Ball
3-2: SINGLE (Groundball, 4MD)
Batting: LHB António Rivera 0-0: Ball
1-0: Foul Ball, location: 2F
1-1: Ball
2-1: Foul Ball, location: 2F
2-2: Grounds out, U3 (Groundball, 3L)
Batting: LHB Yun Yen 0-0: Ball
Passed Ball!
José Muńóz to third
1-0: Ball
2-0: Called Strike
2-1: Ball
3-1: SINGLE (Line Drive, 9LS)
José Muńóz scores
Batting: LHB Jesús Reyes 0-0: Ball
1-0: Ball
2-0: Swinging Strike
2-1: Ball
3-1: SINGLE (Groundball, 6MD)
Yun Yen to second
Batting: SHB Xavier Vásquez 0-0: Ball
1-0: Called Strike
1-1: Fly out, F8 (Flyball, 8LM)
Batting: RHB Max White 0-0: Ball
1-0: Swinging Strike
1-1: Called Strike
1-2: Ball
2-2: Ball
3-2: DOUBLE (Flyball, 89M)
Yun Yen scores
Jesús Reyes to third
Jesús Reyes scores
Batting: RHB Jorge Quezada 0-0: Called Strike
0-1: Ground out 4-3 (Groundball, 4)
Top of the 1st over - 3 run(s), 4 hit(s), 0 error(s), 1 left on base; Houston 3 - Vermont 0
BOTTOM OF THE 1ST
Vermont Lake Monsters batting - Pitching for Houston BC : RHP Ken Carter
Pitching: RHP Ken Carter
Batting: RHB Fernando Castro 0-0: Foul Ball, location: 2F
0-1: Foul Ball, location: 2F
0-2: SINGLE (Line Drive, 7S)
Batting: LHB Reijiro Sato 0-0: Ball
1-0: Foul Ball, location: 2F
1-1: Ball
2-1: Ball
3-1: Base on Balls
Fernando Castro to second
Batting: RHB Ray John 0-0: Ball
1-0: Fly out, F9 (Flyball, 9D)
Runner from 2nd tags up, SAFE at 3rd, no throw
Batting: RHB Teddy Pelham 0-0: Ball
1-0: Ball
2-0: Ball
3-0: Called Strike
3-1: Base on Balls
Reijiro Sato to second
Batting: RHB Keith Fish 0-0: Ball
1-0: Ball
2-0: Foul Ball, location: 2F
2-1: Ball
3-1: Base on Balls
Fernando Castro scores
Reijiro Sato to third
Teddy Pelham to second
Batting: RHB Joe Shaw 0-0: Ball
1-0: Called Strike
1-1: Ball
2-1: SINGLE (Line Drive, 89M)
Reijiro Sato scores
Teddy Pelham to third
Keith Fish to second
Runner from 3rd tries for Home, SAFE, no throw or cutoff
Batting: RHB Carlos Padilla 0-0: Called Strike
0-1: Called Strike
0-2: Ground out 5-3 (Groundball, 56S)
Keith Fish to third
Joe Shaw to second
Batting: RHB Craig Stewart 0-0: Ball
1-0: Foul Ball, location: 2F
1-1: Foul Ball, location: 2F
1-2: Ground out 5-3 (Groundball, 5L)
Bottom of the 1st over - 3 run(s), 2 hit(s), 0 error(s), 2 left on base; Houston 3 - Vermont 3
TOP OF THE 2ND
Houston BC batting - Pitching for Vermont Lake Monsters : RHP Tyler MacHugh
Batting: RHB Ludovico Trezza 0-0: Called Strike
0-1: Ball
1-1: Called Strike
1-2: Strikes out swinging
Batting: RHB Albert Delgado 0-0: Called Strike
0-1: Ball
1-1: Called Strike
1-2: Fly out, F8 (Flyball, 8RM)
Batting: RHB José Muńóz 0-0: Ball
1-0: Foul Ball, location: 2F
1-1: Ball
2-1: Fly out, F1 (Line Drive, 15)
Top of the 2nd over - 0 run(s), 0 hit(s), 0 error(s), 0 left on base; Houston 3 - Vermont 3
BOTTOM OF THE 2ND
Vermont Lake Monsters batting - Pitching for Houston BC : RHP Ken Carter
Batting: RHB Ricardo Pacheco 0-0: Called Strike
0-1: Ball
1-1: SINGLE (Groundball, 4M)
Batting: RHB Fernando Castro 0-0: Swinging Strike
0-1: Ball
1-1: Fly out, F3 (Popup, 3F)
Batting: LHB Reijiro Sato 0-0: Called Strike
Ricardo Pacheco steals 2nd base
0-1: Ball
Wild Pitch!
Ricardo Pacheco to third
1-1: Swinging Strike
1-2: Ground out 3-6 (Groundball, 3)
Batting: RHB Ray John 0-0: Ground out 4-3 (Groundball, 4M)
Bottom of the 2nd over - 0 run(s), 1 hit(s), 0 error(s), 1 left on base; Houston 3 - Vermont 3
TOP OF THE 3RD
Houston BC batting - Pitching for Vermont Lake Monsters : RHP Tyler MacHugh
Batting: LHB António Rivera 0-0: Ball
1-0: Foul Ball, location: 2F
1-1: Ball
2-1: Ground out 1-3 (Groundball, 13S)
Batting: LHB Yun Yen 0-0: Fly out, F9 (Flyball, 89M)
Batting: LHB Jesús Reyes 0-0: Foul Ball, location: 2F
0-1: Swinging Strike
0-2: Ball
1-2: Ball
2-2: Ball
3-2: Foul Ball, location: 2F
3-2: Foul Ball, location: 2F
3-2: Strikes out swinging
Top of the 3rd over - 0 run(s), 0 hit(s), 0 error(s), 0 left on base; Houston 3 - Vermont 3
BOTTOM OF THE 3RD
Vermont Lake Monsters batting - Pitching for Houston BC : RHP Ken Carter
Batting: RHB Teddy Pelham 0-0: Ball
1-0: Foul Ball, location: 2F
1-1: SINGLE (Groundball, 34D)
Batting: RHB Keith Fish 0-0: Ball
1-0: Swinging Strike
1-1: Ball
2-1: Swinging Strike
2-2: Foul Ball, location: 2F
2-2: Strikes out swinging
Batting: RHB Joe Shaw 0-0: Called Strike
0-1: Ball
1-1: Fly out, F9 (Flyball, 89D)
Batting: RHB Carlos Padilla 0-0: Ball
1-0: Swinging Strike
1-1: Ball
2-1: Foul Ball, location: 2F
2-2: Foul Ball, location: 2F
2-2: Fly out, F8 (Flyball, 8RS)
Bottom of the 3rd over - 0 run(s), 1 hit(s), 0 error(s), 1 left on base; Houston 3 - Vermont 3
TOP OF THE 4TH
Houston BC batting - Pitching for Vermont Lake Monsters : RHP Tyler MacHugh
Batting: SHB Xavier Vásquez 0-0: Swinging Strike
0-1: Ball
1-1: Ball
2-1: SINGLE (Flyball, 78S)
Batting: RHB Max White 0-0: Foul Ball, location: 2F
0-1: Foul Ball, location: 2F
0-2: Hit by Pitch
Xavier Vásquez to second
Batting: RHB Jorge Quezada 0-0: DOUBLE (Line Drive, 78M)
Xavier Vásquez scores
Max White to third
Pinch Runner at 2nd Steffen Taylor:
Batting: RHB Ludovico Trezza 0-0: Ball
1-0: Foul Ball, location: 2F
1-1: Ball
2-1: Ball
3-1: Foul Ball, location: 2F
3-2: Fly out, F7 (Line Drive, 78M)
Batting: RHB Albert Delgado 0-0: Ball
1-0: Foul Ball, location: 2F
1-1: Ball
2-1: Ground out 5-3 (Groundball, 5S)
Batting: RHB José Muńóz 0-0: Called Strike
0-1: SINGLE (Groundball, 34)
Max White scores
Steffen Taylor to third
Batting: LHB António Rivera 0-0: Ball
1-0: Ball
2-0: Ball
3-0: Called Strike
3-1: Foul Ball, location: 2F
3-2: Base on Balls
José Muńóz to second
Batting: LHB Yun Yen 0-0: Foul Ball, location: 2F
0-1: Swinging Strike
0-2: Foul Ball, location: 2F
0-2: Ball
1-2: Ball
2-2: Fielders Choice at 2nd, U4 (Groundball, 4M)
Top of the 4th over - 2 run(s), 3 hit(s), 0 error(s), 3 left on base; Houston 5 - Vermont 3
BOTTOM OF THE 4TH
Vermont Lake Monsters batting - Pitching for Houston BC : RHP Ken Carter
Now at 3B: Steffen Taylor
Batting: RHB Craig Stewart 0-0: Ball
1-0: SOLO HOME RUN (Flyball, 7D), Distance : 400 ft
Batting: RHB Ricardo Pacheco 0-0: Ground out 3-1 (Groundball, 34)
Batting: RHB Fernando Castro 0-0: Ball
1-0: Swinging Strike
1-1: Swinging Strike
1-2: Ball
2-2: Foul Ball, location: 2F
2-2: Ball
3-2: Strikes out looking
Batting: LHB Reijiro Sato 0-0: Ball
1-0: Ball
2-0: Foul Ball, location: 2F
2-1: Foul Ball, location: 2F
2-2: Foul Ball, location: 2F
2-2: Ball
3-2: Foul Ball, location: 2F
3-2: Base on Balls
Batting: RHB Ray John 0-0: DOUBLE (Flyball, 9LS)
Reijiro Sato to third
Runner from 3rd tries for Home, SAFE, no throw or cutoff
Batting: RHB Teddy Pelham 0-0: Foul Ball, location: 2F
0-1: Ball
1-1: Ball
2-1: Swinging Strike
2-2: Ball
3-2: Ground out 5-3 (Groundball, 5)
Bottom of the 4th over - 2 run(s), 2 hit(s), 0 error(s), 1 left on base; Houston 5 - Vermont 5
TOP OF THE 5TH
Houston BC batting - Pitching for Vermont Lake Monsters : RHP Tyler MacHugh
Pitching: RHP Jorge Ayala
Batting: LHB Jesús Reyes 0-0: Ball
1-0: Ball
2-0: Foul Ball, location: 2F
2-1: Foul Ball, location: 2F
2-2: Ball
3-2: Foul Ball, location: 2F
3-2: Foul Ball, location: 2F
3-2: Hit by Pitch
Batting: SHB Xavier Vásquez 0-0: Grounds into double play, 4-6-3 (Groundball, 4)
Batting: RHB Max White 0-0: Called Strike
0-1: Ball
1-1: Called Strike
1-2: Ball
2-2: Fly out, F3 (Popup, 3D)
Top of the 5th over - 0 run(s), 0 hit(s), 0 error(s), 0 left on base; Houston 5 - Vermont 5
BOTTOM OF THE 5TH
Vermont Lake Monsters batting - Pitching for Houston BC : RHP Ken Carter
Batting: RHB Keith Fish 0-0: Called Strike
0-1: Ball
1-1: SINGLE (Line Drive, 4D)
Batting: RHB Joe Shaw 0-0: Called Strike
0-1: Foul Ball, location: 2F
0-2: Ball
1-2: Foul Ball, location: 2F
1-2: Foul Ball, location: 2F
1-2: Ball
2-2: Fly out, F8 (Flyball, 8RD)
Batting: RHB Carlos Padilla 0-0: Fly out, F5 (Line Drive, 56S)
Batting: RHB Craig Stewart 0-0: Called Strike
0-1: Swinging Strike
0-2: Ball
1-2: Hit by Pitch
Keith Fish to second
Batting: RHB Ricardo Pacheco Single, Error in OF, E7, batter to second base
Keith Fish scores
Craig Stewart to third
Batting: RHB Fernando Castro 0-0: Ball
1-0: Foul Ball, location: 2F
1-1: Ball
2-1: Ball
3-1: Base on Balls
Pitching: RHP Doug Ryan
Batting: LHB Reijiro Sato 0-0: Fly out, F5 (Popup, 5L)
Bottom of the 5th over - 1 run(s), 2 hit(s), 1 error(s), 3 left on base; Houston 5 - Vermont 6
TOP OF THE 6TH
Houston BC batting - Pitching for Vermont Lake Monsters : RHP Jorge Ayala
Batting: RHB Steffen Taylor 0-0: Ball
1-0: Foul Ball, location: 2F
1-1: Ball
2-1: Ground out 5-3 (Groundball, 15S)
Batting: RHB Ludovico Trezza 0-0: Fly out, F9 (Flyball, 9S)
Batting: RHB Albert Delgado 0-0: Ground out 1-3 (Groundball, 13)
Top of the 6th over - 0 run(s), 0 hit(s), 0 error(s), 0 left on base; Houston 5 - Vermont 6
BOTTOM OF THE 6TH
Vermont Lake Monsters batting - Pitching for Houston BC : RHP Doug Ryan
Batting: RHB Ray John 0-0: Ball
1-0: Called Strike
1-1: Foul Ball, location: 2F
1-2: Foul Ball, location: 2F
1-2: Ground out 1-3 (Groundball, 23)
Batting: RHB Teddy Pelham 0-0: Ball
1-0: SINGLE (Flyball, 9S)
Batting: RHB Keith Fish 0-0: Ball
1-0: SINGLE (Groundball, 6M) (infield hit)
Teddy Pelham to second
Batting: RHB Joe Shaw 0-0: Ball
Passed Ball!
Teddy Pelham to third
Keith Fish to second
1-0: Ball
2-0: Called Strike
2-1: 3-RUN HOME RUN (Flyball, 78XD), Distance : 436 ft
Pitching: RHP António Ybarra
Batting: RHB Carlos Padilla 0-0: Fly out, F7 (Flyball, 78S)
Batting: RHB Craig Stewart 0-0: Ball
1-0: Foul Ball, location: 2F
1-1: Called Strike
1-2: Foul Ball, location: 2F
1-2: Fly out, F8 (Flyball, 8LM)
Bottom of the 6th over - 3 run(s), 3 hit(s), 0 error(s), 0 left on base; Houston 5 - Vermont 9
TOP OF THE 7TH
Houston BC batting - Pitching for Vermont Lake Monsters : RHP Jorge Ayala
Batting: RHB José Muńóz 0-0: Bunted foul
0-1: Ground out 4-3 (Groundball, 4M)
Batting: LHB António Rivera 0-0: Ball
1-0: Ball
2-0: Ball
3-0: Called Strike
3-1: Base on Balls
Batting: LHB Yun Yen 0-0: Called Strike
0-1: Called Strike
António Rivera steals 2nd base
0-2: SINGLE (Groundball, 25) (infield hit)
António Rivera to third
Batting: LHB Jesús Reyes 0-0: Called Strike
0-1: Foul Ball, location: 2F
0-2: SINGLE (Line Drive, 4M)
António Rivera scores
Yun Yen to second
Batting: SHB Xavier Vásquez Balk!
Yun Yen to third
Jesús Reyes to second
0-0: Called Strike
0-1: Foul Ball, location: 2F
0-2: Ball
1-2: Ball
2-2: Ball
3-2: Foul Ball, location: 2F
3-2: Base on Balls
Batting: RHB Max White 0-0: Ball
1-0: Grounds into double play, 5-4-3 (Groundball, 56)
Top of the 7th over - 1 run(s), 2 hit(s), 0 error(s), 2 left on base; Houston 6 - Vermont 9
BOTTOM OF THE 7TH
Vermont Lake Monsters batting - Pitching for Houston BC : RHP António Ybarra
Batting: RHB Ricardo Pacheco 0-0: Ball
1-0: Called Strike
1-1: Called Strike
1-2: Ball
2-2: Strikes out looking
Batting: RHB Fernando Castro 0-0: Called Strike
0-1: Swinging Strike
0-2: Ball
1-2: Ball
2-2: Foul Ball, location: 2F
2-2: Strikes out swinging
Batting: LHB Reijiro Sato 0-0: Ground out 4-3 (Groundball, 4)
Bottom of the 7th over - 0 run(s), 0 hit(s), 0 error(s), 0 left on base; Houston 6 - Vermont 9
TOP OF THE 8TH
Houston BC batting - Pitching for Vermont Lake Monsters : RHP Jorge Ayala
Batting: RHB Steffen Taylor 0-0: Ball
1-0: SINGLE (Line Drive, 4M)
Pitching: RHP Jim Unknown
Batting: RHB Ludovico Trezza 0-0: Ball
1-0: Ball
2-0: Ball
3-0: Base on Balls
Steffen Taylor to second
Batting: RHB Albert Delgado 0-0: Called Strike
0-1: Foul Ball, location: 2F
0-2: Ball
1-2: Strikes out swinging
Batting: RHB José Muńóz 0-0: Called Strike
0-1: Foul Ball, location: 2F
0-2: 3-RUN HOME RUN (Flyball, 89D), Distance : 409 ft
Batting: LHB António Rivera 0-0: Ball
1-0: Reached on Error, E8 (Flyball, 8RM)
Batting: LHB Yun Yen 0-0: Ball
1-0: Ground out 6-3 (Groundball, 6MS)
António Rivera to second
Batting: LHB Jesús Reyes 0-0: Ball
1-0: Ball
2-0: Ball
3-0: Called Strike
3-1: Base on Balls
Batting: SHB Xavier Vásquez 0-0: Called Strike
0-1: Ball
1-1: Ball
2-1: 3-RUN HOME RUN (Line Drive, 9D), Distance : 380 ft
Pitching: RHP Alberto Robles
Batting: RHB Max White 0-0: Fly out, F9 (Popup, 9LS)
Top of the 8th over - 6 run(s), 3 hit(s), 1 error(s), 0 left on base; Houston 12 - Vermont 9
BOTTOM OF THE 8TH
Vermont Lake Monsters batting - Pitching for Houston BC : RHP António Ybarra
Batting: RHB Ray John 0-0: Ball
1-0: Ball
2-0: Ball
3-0: Base on Balls
Pitching: RHP Dan Hobbs
Batting: RHB Teddy Pelham 0-0: Grounds into double play, 6-4-3 (Groundball, 6M)
Batting: RHB Keith Fish 0-0: Called Strike
0-1: Fly out, F6 (Popup, 6D)
Bottom of the 8th over - 0 run(s), 0 hit(s), 0 error(s), 0 left on base; Houston 12 - Vermont 9
TOP OF THE 9TH
Houston BC batting - Pitching for Vermont Lake Monsters : RHP Alberto Robles
Batting: RHB Steffen Taylor 0-0: Ball
1-0: Ball
2-0: Called Strike
2-1: Ground out U3 (Groundball, 3S)
Batting: RHB Ludovico Trezza 0-0: Ball
1-0: Foul Ball, location: 2F
1-1: Fly out, F3 (Popup, 3DF)
Batting: RHB Albert Delgado 0-0: Fly out, F3 (Popup, 23F)
Top of the 9th over - 0 run(s), 0 hit(s), 0 error(s), 0 left on base; Houston 12 - Vermont 9
BOTTOM OF THE 9TH
Vermont Lake Monsters batting - Pitching for Houston BC : RHP Dan Hobbs
Pitching: RHP Júlio Rodríguez
Batting: RHB Joe Shaw 0-0: Ball
1-0: Foul Ball, location: 2F
1-1: Foul Ball, location: 2F
1-2: Ball
2-2: SINGLE (Groundball, 56D)
Batting: RHB Carlos Padilla 0-0: Called Strike
0-1: Swinging Strike
0-2: Foul Ball, location: 2F
0-2: Ball
1-2: Ball
2-2: SINGLE (Line Drive, 7S)
Joe Shaw to second
Batting: RHB Craig Stewart 0-0: Ball
1-0: Ball
Wild Pitch!
Joe Shaw to third
Carlos Padilla to second
2-0: Called Strike
2-1: Swinging Strike
2-2: Foul Ball, location: 2F
2-2: Foul Ball, location: 2F
2-2: Strikes out swinging
Pinch Hitting: RHB Júlio Santos 0-0: Foul Ball, location: 2F
0-1: Fly out, F8 (Flyball, 8LM)
Runner from 3rd tags up, SCORES, throw made
Pinch Hitting: LHB Jason Powell 0-0: Ball
1-0: Foul Ball, location: 2F
1-1: Ground out 3-1 (Groundball, 34S)
Bottom of the 9th over - 1 run(s), 2 hit(s), 0 error(s), 1 left on base; Houston 12 - Vermont 10
This league is powered by Out of the Park Baseball, the baseball management simulation game for PC, Mac and Linux
Friday, April 15th, 2016 - OOTP Baseball 16.9 Build 39